 Dungeon Crawl Stone Soup version 0.19-a0-683-g5f2401d (webtiles) character file.

105716 Geppetto the Warrior (level 16, -3/139 HPs)
             Began as a Formicid Fighter on June 13, 2016.
             Was the Champion of Qazlal.
             Slain by the 27-headed Lernaean hydra (7 damage)
             ... on level 3 of the Swamp on June 17, 2016.
             The game lasted 01:43:09 (25459 turns).

Geppetto the Warrior (Formicid Fighter)            Turns: 25459, Time: 01:43:09

Health: -3/139     AC: 28    Str: 26    XL:     16   Next: 96%
Magic:  24/25      EV: 20    Int: 11    God:    Qazlal [******]
Gold:   1184       SH:  0    Dex: 24    Spells: 1 memorised, 6 levels left

rFire  + + .     SeeInvis +     Q - +8 lajatang
rCold  + + .     Gourm    .     v - +4 plate armour
rNeg   . . .     Faith    .     c - +4 shield
rPois  +         Spirit   .     (helmet unavailable)
rElec  .         Dismiss  .     q - +1 cloak
rCorr  .         Reflect  +     s - +3 pair of gauntlets of War {Slay+5}
SustAt .         Harm     .     (no boots)
MR     +....                    Y - amulet of Yku Rics {Reflect *Contam rF++ Int+4 Dex+4 SH+5}
Stlth  ..........               D - ring "Woshul" {rPois rC+}
                                S - ring of protection from cold

@: confused, agile, protected from physical damage, repel missiles, somewhat
resistant to hostile enchantments, extremely unstealthy
A: permanent stasis, dig shafts and tunnels, four strong arms, antennae 3,
strong 1
a: Dig, Shaft Self, Upheaval, Elemental Force, Disaster Area, Renounce Religion


You were on level 3 of the Swamp.
You worshipped Qazlal.
Qazlal was exalted by your worship.
You were not hungry.

You visited 5 branches of the dungeon, and saw 24 of its levels.
You also visited: Labyrinth.

You collected 2008 gold pieces.
You spent 824 gold pieces at shops.

Inventory:

Hand Weapons
 a - a +1 quarterstaff
 Q - a +8 lajatang (weapon)
Armour
 c - a +4 shield (worn)
 q - a +1 cloak (worn)
 s - the +3 pair of gauntlets of War (worn) {Slay+5}
   (You found it in a labyrinth)

   It affects your accuracy and damage with ranged weapons and melee attacks
   (+5).
 v - a +4 plate armour (worn)
 L - a +1 plate armour of poison resistance
 W - the +7 scale mail of Wasted Space {rPois}
   (You found it on level 4 of the Lair of Beasts)

   It protects you from poison.
Rods
 T - a +3 rod of clouds (10/10)
   (You found it in a labyrinth)
 V - a +4 rod of shadows (14/14)
   (You found it in a labyrinth)
Jewellery
 D - the ring "Woshul" (right hand) {rPois rC+}
   (You bought it in a shop on level 8 of the Dungeon)

   [ring of protection from cold]

   It protects you from cold.
   It protects you from poison.
 E - an uncursed ring of resist corrosion
 K - an uncursed ring of wizardry
 S - a ring of protection from cold (left hand)
 X - an uncursed ring of magical power
 Y - the amulet of Yku Rics (around neck) {Reflect *Contam rF++ Int+4 Dex+4 SH+5}
   (You found it in a labyrinth)

   [amulet of reflection]

   It shields you and reflects attacks.
   It affects your intelligence (+4).
   It affects your dexterity (+4).
   It greatly protects you from fire.
   It causes magical contamination when unequipped.
   It affects your SH (+5).
Wands
 y - a wand of disintegration (10/24)
 C - a wand of lightning (3/15)
 F - a wand of lightning (11/15)
 M - a wand of slowing (36/48)
Scrolls
 b - 5 scrolls of magic mapping
 g - 9 scrolls of remove curse
 x - 2 scrolls of recharging
 G - 4 scrolls of amnesia
 H - 5 scrolls of identify
 N - a scroll of enchant armour
Potions
 d - 2 potions of cure mutation
 e - 6 potions of brilliance
 h - 12 potions of curing
 m - a potion of magic
 p - a potion of invisibility
 r - a potion of agility
 t - 3 potions of heal wounds
 u - 2 potions of mutation
 w - 2 potions of resistance
 A - a potion of lignification
 B - 4 potions of flight
 I - a potion of cancellation {unknown}
Books
 k - a book of Air

   Spells                             Type                      Level
   a - Shock                          Conjuration/Air              1
   b - Swiftness                      Charms/Air                   2
   c - Repel Missiles                 Charms/Air                   2
   d - Static Discharge               Conjuration/Air              3
   e - Lightning Bolt                 Conjuration/Air              5
 l - a book of the Tempests

   Spells                             Type                      Level
   a - Static Discharge               Conjuration/Air              3
   b - Lightning Bolt                 Conjuration/Air              5
   c - Fireball                       Conjuration/Fire             5
   d - Tornado                        Air                          9
   e - Shatter                        Earth                        9
 Z - a book of Maledictions

   Spells                             Type                      Level
   a - Corona                         Hexes                        1
   b - Ensorcelled Hibernation        Hexes/Ice                    2
   c - Confuse                        Hexes                        3
   d - Tukima's Dance                 Hexes                        3
   e - Dazzling Spray                 Conjuration/Hexes            3
Comestibles
 f - 7 bread rations
 i - 8 fruits
 n - 6 beef jerkies
 o - 13 meat rations
 z - 3 slices of pizza


   Skills:
 * Level 16.7 Fighting
 - Level 14.6 Staves
 + Level 10.7 Armour
 - Level 10.3 Dodging
 - Level 9.0 Shields
 - Level 3.0 Earth Magic
 + Level 12.9 Invocations


You had 6 spell levels left.
You knew the following spells:

 Your Spells              Type           Power        Failure   Level  Hunger
a - Shatter               Erth           #.........   100%        9    #######


Dungeon Overview and Level Annotations

Branches:
Dungeon (11/15)            Temple (1/1) D:6            Lair (6/6) D:8
  Swamp (4/4) Lair:3        Snake (0/4) Lair:3        Slime (0/5) Lair:5
    Orc (2/2) D:10            Elf (0/3) Orc:2

Altars:
Ashenzari
Cheibriados
Dithmenos
Elyvilon
Fedhas
Gozag
Hepliaklqana
Kikubaaqudgha
Makhleb
Nemelex Xobeh
Okawaru
Pakellas
Qazlal
Ru
Sif Muna
Trog
Uskayaw
Vehumet
Xom
Yredelemnul
Zin
The Shining One

Shops:
D:8 ?:[*[   Orc:2 !(}*

Annotations:
D:3 esc's ghost, amateur MiGl
Swamp:3 Lernaean hydra


Innate Abilities, Weirdness & Mutations

You are under a permanent stasis effect.
You can dig through walls and to a lower floor.
Your four strong arms can wield two-handed weapons with a shield.
You have a pair of large antennae on your head. (SInv)
Your muscles are strong. (Str +2)


Message History

The swamp dragon tramples you.
* * * LOW HITPOINT WARNING * * *
You hold your ground!
You are confused.
You feel invigorated. The swamp dragon barely misses you.
The swamp dragon misses you. x2
The 27-headed Lernaean hydra bites you but does no damage. x2
The 27-headed Lernaean hydra bites you!
* * * LOW HITPOINT WARNING * * *
The 27-headed Lernaean hydra bites you!
* * * LOW HITPOINT WARNING * * *
The 27-headed Lernaean hydra barely misses you.
The 27-headed Lernaean hydra completely misses you.
The 27-headed Lernaean hydra misses you.
The 27-headed Lernaean hydra closely misses you.
The 27-headed Lernaean hydra bites you.
* * * LOW HITPOINT WARNING * * *
The 27-headed Lernaean hydra bites you but does no damage.
The 27-headed Lernaean hydra bites you!
You die...

≈♣♣.≈≈≈≈≈♣♣♣♣.≈≈..≈♣♣♣..§..♣♣♣≈≈.
≈♣♣.§≈≈≈♣♣ ♣..≈≈≈.≈♣.≈≈≈≈..♣≈(..
.≈♣.....≈♣♣ ♣♣..≈≈...≈≈..≈≈♣♣♣≈♣♣
≈.♣♣.....≈♣ ♣♣≈≈..≈≈......♣≈.♣♣
..♣♣≈≈≈...♣♣♣♣♣♣≈≈≈≈.≈≈...≈♣..≈♣
.♣♣♣.≈≈♣♣♣♣♣.§..≈≈.≈≈≈.≈♣♣♣♣♣.♣♣
♣♣ ♣.≈.♣♣♣♣♣.§§§§§§≈≈≈.♣♣ ♣♣♣
♣♣♣♣♣.....§♣DDD§≈≈♣♣♣
♣..≈≈≈..♣♣♣@D♣♣♣♣ ♣♣.≈≈≈♣♣♣ ♣♣♣♣
♣♣≈≈≈♣ ♣♣♣♣♣


You could see the 27-headed Lernaean hydra and 3 swamp dragons.

Vanquished Creatures
  3 thorn hunters
  Donald (Swamp:1)
  An orc warlord (Orc:2)
  The ghost of tstbtto the Severer, a journeyman CeBe of Trog (Orc:2)
  A fire dragon (Lair:6)
  The ghost of Xiguana the Grappler, a journeyman VSMo of Cheibriados (Lair:5)
  The ghost of georgeearnest the Cleaver, a journeyman HOFi of Beogh (Orc:1)
  A minotaur (Lab)
  19 hydras
  Erica (Orc:1)
  3 alligators
  12 death yaks
  3 orc high priests (Orc:2)
  2 unseen horrors (D:10)
  A spriggan druid (Swamp:4)
  3 shambling mangroves
  5 swamp dragons
  4 hill giants
  6 orc knights
  A griffon (Lair:6)
  An oklob plant (Lair:3)
  7 orc sorcerers
  2 manticores (D:11)
  9 elephants
  3 hornets
  2 torpor snails
  Psyche (D:8)
  A gargoyle (D:10)
  3 black mambas
  19 spiny frogs
  9 komodo dragons
  4 rime drakes (Lair:6)
  The ghost of Xiguana the Ruffian, a novice VSMo (D:5)
  5 trolls
  3 two-headed ogres
  4 giant leeches
  13 slime creatures
  17 blink frogs
  Prince Ribbit (D:6)
  2 boulder beetles (Lair:5)
  4 bog bodies
  A shadow (Swamp:2)
  6 spriggans
  8 wyverns
  10 hippogriffs
  3 steam dragons
  31 yaks
  3 hungry ghosts (D:7)
  10 vampire mosquitoes
  2 mottled dragons (D:11)
  3 insubstantial wisps (Swamp:3)
  30 swamp worms
  16 water moccasins
  5 wargs
  2 hell hounds (D:8)
  8 porcupines
  16 swamp drakes
  22 orc warriors
  A black bear (D:10)
  2 ice beasts
  A phantom (D:5)
  3 sky beasts
  8 wasps
  9 wolves
  9 ogres
  8 centaurs
  9 crocodiles
  3 big kobolds
  9 giant frogs
  A gnoll sergeant (D:7)
  2 elf zombies (D:10)
  A water moccasin skeleton (D:10)
  2 scorpions
  9 killer bees
  16 wights
  3 electric eels
  A crimson imp (D:10)
  4 human zombies (D:10)
  2 quasits
  A giant frog zombie (D:10)
  3 hounds
  14 orc priests
  2 centaur skeletons
  5 jellies
  13 iguanas
  19 orc wizards
  7 worker ants
  7 sheep (Lair:2)
  A killer bee zombie (D:5)
  A hound zombie (D:9)
  A hound skeleton (D:4)
  2 mummies (D:10)
  3 worker ant zombies
  A howler monkey skeleton (D:8)
  15 adders
  7 gnolls (D:7)
  18 river rats
  2 shadow imps
  An adder zombie (D:6)
  An adder skeleton (D:9)
  12 worms
  2 dart slugs
  9 giant geckos
  68 orcs
  2 ball pythons (Lair:3)
  A giant cockroach (D:4)
  5 goblins
  7 hobgoblins
  22 kobolds
  8 quokkas
  6 bats
  A giant gecko zombie (D:5)
  5 giant newts
  A quokka zombie (D:6)
  8 rats
  10 briar patches
  A bush (Lair:5)
  21 fungi
  31 plants
804 creatures vanquished.

Vanquished Creatures (others)
  A spriggan druid (Swamp:3)
  An orc warrior (Orc:1)
  A crocodile (Lair:5)
  An orc wizard (D:11)
  2 orcs (Orc:2)
  6 fungi
  11 plants
23 creatures vanquished.

Grand Total: 827 creatures vanquished

Notes
Turn   | Place    | Note
--------------------------------------------------------------
     0 | D:1      | Geppetto the Formicid Fighter began the quest for the Orb.
     0 | D:1      | Reached XP level 1. HP: 18/18 MP: 1/1
    43 | D:1      | Reached XP level 2. HP: 18/24 MP: 2/2
   184 | D:1      | You fall through a shaft!
   184 | D:2      | Found a stormy altar of Qazlal.
   189 | D:2      | Became a worshipper of Qazlal Stormbringer
   283 | D:2      | Found a snail-covered altar of Cheibriados.
   510 | D:1      | Reached XP level 3. HP: 28/29 MP: 3/3
  1028 | D:2      | Reached XP level 4. HP: 35/35 MP: 4/4
  1173 | D:2      | Found an iron altar of Okawaru.
  1426 | D:2      | Found a glowing silver altar of Zin.
  1426 | D:2      | Found a radiant altar of Vehumet.
  1864 | D:3      | Noticed esc's ghost (amateur MiGl)
  1880 | D:3      | Reached XP level 5. HP: 19/41 MP: 5/5
  2363 | D:3      | Reached * piety under Qazlal
  3153 | D:4      | Reached XP level 6. HP: 40/47 MP: 6/6
  3290 | D:4      | Reached skill level 5 in Shields
  3556 | D:4      | Found a bloodstained altar of Trog.
  3569 | D:4      | Reached skill level 5 in Staves
  3747 | D:5      | Entered Level 5 of the Dungeon
  3885 | D:5      | Noticed Xiguana's ghost (novice VSMo)
  3886 | D:5      | Found a shadowy altar of Dithmenos.
  3895 | D:5      | Killed Xiguana's ghost
  3895 | D:5      | Reached skill level 5 in Armour
  3895 | D:5      | Reached XP level 7. HP: 52/52 MP: 7/7
  3975 | D:5      | Reached XP level 8. HP: 44/58 MP: 8/8
  4471 | D:5      | Reached ** piety under Qazlal
  4526 | D:6      | Noticed Prince Ribbit
  4723 | D:6      | Found an ancient bone altar of Kikubaaqudgha.
  4733 | D:6      | Killed Prince Ribbit
  4787 | D:6      | Found a staircase to the Ecumenical Temple.
  4795 | Temple   | Entered the Ecumenical Temple
  5314 | D:7      | Reached skill level 4 in Fighting
  5340 | D:7      | Reached XP level 9. HP: 64/66 MP: 9/9
  5411 | D:7      | Reached skill level 5 in Fighting
  5544 | D:7      | Reached skill level 6 in Fighting
  5729 | D:7      | Reached *** piety under Qazlal
  6037 | D:8      | Found Bejy's Assorted Antiques.
  6056 | D:8      | Found a staircase to the Lair.
  6099 | D:8      | Reached skill level 7 in Fighting
  6404 | D:8      | Reached XP level 10. HP: 73/79 MP: 8/10
  6683 | D:8      | Reached skill level 8 in Fighting
  6717 | D:8      | Bought a warped lapis lazuli ring for 130 gold pieces
  6717 | D:8      | Identified the ring "Woshul" {rPois rC+} (You bought it in a shop on level 8 of the Dungeon)
  6740 | D:8      | Found Qamir's Armour Shop.
  6837 | D:8      | Found Yvieguer's Magic Scroll Shoppe.
  7039 | D:8      | Found Ziggip's Book Shoppe.
  7042 | D:8      | Noticed Psyche
  7049 | D:8      | Killed Psyche
  7049 | D:8      | Reached skill level 9 in Fighting
  7209 | D:8      | Found Ducs's Armour Shop.
  7276 | D:8      | Bought a scroll of identify for 24 gold pieces
  7276 | D:8      | Bought a scroll of identify for 24 gold pieces
  7276 | D:8      | Bought a scroll of identify for 24 gold pieces
  7276 | D:8      | Bought a scroll of identify for 24 gold pieces
  7569 | D:9      | Found a white marble altar of Elyvilon.
  7630 | D:9      | Found a glowing golden altar of the Shining One.
  7772 | D:9      | Found an opulent altar of Gozag.
  7773 | D:9      | Found a basalt altar of Yredelemnul.
  7776 | D:9      | Found a shimmering altar of Xom.
  7778 | D:9      | Found an oddly glowing altar of Pakellas.
  7778 | D:9      | Found a deep blue altar of Sif Muna.
  8217 | D:10     | Entered Level 10 of the Dungeon
  8255 | D:10     | Reached skill level 10 in Fighting
  8306 | D:10     | Found a staircase to the Orcish Mines.
  8476 | D:10     | Noticed a hill giant
  8483 | D:10     | Killed a hill giant
  8483 | D:10     | Reached XP level 11. HP: 92/92 MP: 11/11
  8583 | D:10     | Reached **** piety under Qazlal
  8729 | D:10     | Noticed an unseen horror
  8734 | D:10     | Reached skill level 11 in Fighting
  8762 | D:10     | Killed an unseen horror
  8884 | D:10     | Found a radiant altar of Vehumet.
  8893 | D:10     | Reached skill level 10 in Armour
  8949 | D:10     | Noticed an unseen horror
  8983 | D:10     | Killed an unseen horror
  9491 | D:10     | Found an ancient bone altar of Kikubaaqudgha.
  9925 | D:11     | Noticed a hill giant
  9926 | D:11     | Killed a hill giant
  9926 | D:11     | Reached skill level 12 in Fighting
  9926 | D:11     | Reached skill level 5 in Invocations
  9990 | D:11     | Noticed a manticore
 10012 | D:11     | Killed a manticore
 10037 | D:11     | Noticed a hill giant
 10040 | D:11     | Noticed a manticore
 10559 | D:11     | Killed a manticore
 10559 | D:11     | Reached XP level 12. HP: 35/103 MP: 5/17
 11196 | Lair:1   | Entered Level 1 of the Lair of Beasts
 11217 | D:8      | Bought a lajatang for 390 gold pieces
 11272 | Lair:1   | Found a labyrinth entrance.
 11281 | Lab      | Entered a labyrinth
 12412 | Lab      | Noticed a minotaur
 12425 | Lab      | Killed a minotaur
 12435 | Lab      | Got a heavily runed zirconium amulet
 12885 | Lair:1   | Reached skill level 10 in Invocations
 13660 | Lair:1   | Upgraded the game from 0.19-a0-628-g9200b3b to 0.19-a0-644-gd04d753
 13666 | Lair:2   | Noticed a seven-headed hydra
 13684 | Lair:2   | Killed an eight-headed hydra
 13684 | Lair:2   | Reached skill level 1 in Dodging
 14031 | Lair:2   | You fall through a shaft for 2 floors!
 14096 | Lair:4   | Noticed a five-headed hydra
 14111 | Lair:4   | Killed a five-headed hydra
 14111 | Lair:4   | Reached XP level 13. HP: 95/109 MP: 11/20
 14313 | Lair:4   | Reached skill level 10 in Staves
 14492 | Lair:3   | Found a staircase to the Snake Pit.
 14598 | Lair:3   | Noticed a five-headed hydra
 14610 | Lair:3   | Killed a five-headed hydra
 14847 | Lair:3   | Found a staircase to the Swamp.
 15192 | Lair:2   | Noticed a four-headed hydra
 15205 | Lair:2   | Killed a four-headed hydra
 15229 | Lair:2   | Reached skill level 5 in Dodging
 15270 | Lair:2   | Reached ***** piety under Qazlal
 16376 | Lair:4   | Found a burning altar of Makhleb.
 16519 | Lair:4   | Noticed a four-headed hydra
 16536 | Lair:4   | Killed a four-headed hydra
 16906 | Lair:4   | Got a fine scale mail
 16917 | Lair:4   | Identified the +7 scale mail of Wasted Space {rPois} (You found it on level 4 of the Lair of Beasts)
 16963 | Lair:4   | Identified the amulet of Yku Rics {Reflect *Contam rF++ Int+4 Dex+4 SH+5} (You found it in a labyrinth)
 17101 | Lair:5   | Noticed Xiguana's ghost (journeyman VSMo)
 17164 | Lair:4   | Reached XP level 14. HP: 102/116 MP: 21/21
 17714 | Lair:5   | Killed Xiguana's ghost
 17780 | Lair:5   | Found a staircase to the Slime Pits.
 17963 | Lair:6   | Entered Level 6 of the Lair of Beasts
 18998 | Lair:6   | Reached skill level 13 in Fighting
 19076 | Lair:6   | Reached ****** piety under Qazlal
 19093 | Lair:6   | Reached XP level 15. HP: 95/123 MP: 22/22
 19322 | Lair:6   | Learned a level 9 spell: Shatter
 19432 | Lair:6   | Reached skill level 1 in Earth Magic
 19978 | Orc:1    | Entered Level 1 of the Orcish Mines
 19979 | Orc:1    | Noticed Erica
 19985 | Orc:1    | Killed Erica
 20038 | Orc:2    | Entered Level 2 of the Orcish Mines
 20246 | Orc:2    | Noticed tstbtto's ghost (journeyman CeBe)
 20269 | Orc:2    | Killed tstbtto's ghost
 20511 | Orc:2    | Reached skill level 14 in Fighting
 20810 | Orc:2    | Gained mutation: Your muscles are strong. (Str +2) [a neqoxec]
 20841 | Orc:2    | Found Astrerphui's Gadget Boutique.
 20841 | Orc:2    | Found Buprarph's General Store.
 20843 | Orc:2    | Found Labb's Distillery.
 20843 | Orc:2    | Found Pyahacu's Weapon Emporium.
 20853 | Orc:2    | Bought a potion of resistance for 130 gold pieces
 20853 | Orc:2    | Bought a potion of flight for 39 gold pieces
 20853 | Orc:2    | Bought a potion of curing for 39 gold pieces
 21043 | Orc:2    | Noticed an orc warlord
 21047 | Orc:2    | Killed an orc warlord
 21127 | Orc:2    | Found a staircase to the Elven Halls.
 21294 | Orc:1    | Noticed georgeearnest's ghost (journeyman HOFi)
 21303 | Orc:1    | Killed georgeearnest's ghost
 21899 | Swamp:1  | Entered Level 1 of the Swamp
 21900 | Swamp:1  | Upgraded the game from 0.19-a0-644-gd04d753 to 0.19-a0-683-g5f2401d
 21988 | Swamp:1  | Noticed Donald
 21994 | Swamp:1  | Killed Donald
 21994 | Swamp:1  | Reached skill level 15 in Fighting
 22031 | Swamp:1  | Noticed a thorn hunter
 22041 | Swamp:1  | Killed a thorn hunter
 22209 | Swamp:1  | Reached XP level 16. HP: 136/136 MP: 24/24
 22497 | Swamp:1  | You fall through a shaft!
 22528 | Swamp:2  | Noticed a thorn hunter
 22540 | Swamp:2  | Killed a thorn hunter
 23216 | Swamp:2  | Reached skill level 10 in Dodging
 24161 | Swamp:3  | Reached skill level 16 in Fighting
 25035 | Swamp:4  | Entered Level 4 of the Swamp
 25165 | Swamp:4  | Noticed a thorn hunter
 25181 | Swamp:3  | Killed a thorn hunter
 25305 | Swamp:4  | Noticed the 27-headed Lernaean hydra
 25459 | Swamp:3  | HP: 4/139 [the 27-headed Lernaean hydra (5)]
 25459 | Swamp:3  | Slain by the 27-headed Lernaean hydra

Vault maps used:
D:1:      dpeg_arrival_houses_and_road
D:2:      minmay_door_path, nicolae_overflow_crystal_walls,
          overflow_temple_1_default, okawaru_trees_1,
          gammafunk_temple_overflow_elements, first_bread
D:4:      lemuel_crystal_altar
D:5:      nicolae_dithmenos_the_darkroom
D:6:      old_standard_altar, minmay_temple_entry_statues_pillars,
          uniq_prince_ribbit1
D:8:      minmay_lair_entry_lava, serial_shops, shop, shop, shop, shop, shop,
          uniq_psyche
D:9:      cheibrodos_stairvault_heist, elyvilon_altar_3,
          grunt_temple_overflow_open, overflow_temple_1_default
D:10:     orc_0_dummy, basic_altar, lemuel_mausoleum_altar_kikubaaqudgha
Temple:   temple_island_7
Lair:1:   lab_entry_generic, serial_bayou_pond_e, grunt_megastairs_2
Lair:2:   st_stairs_7, worms_lemuel, infiniplex_staircase_pool
Lair:3:   swamp_mist_pool, minmay_snake_entry_six_corridors,
          nicolae_quartered_pool_super
Lair:4:   basic_altar, serial_bayou_lagoon_b
Lair:5:   dpeg_slime_entry_corner, beast_lair_carwin_1
Lair:6:   guppyfry_lair_end_dragon
Swamp:1:  evilmike_swamp_ruin_house_6, uniq_donald
Swamp:2:  evilmike_swamp_ruin_house_2, swamp_pool2
Swamp:3:  evilmike_swamp_ruin_house_5, swamp_pool5
Swamp:4:  swamp_old_school, swamp_pool4, evilmike_swamp_ruin_wall
Orc:1:    uniq_erica
Orc:2:    grunt_orc_tribal_feast, abandoned_shop

Skill      XL: |  1  2  3  4  5  6  7  8  9 10 11 12 13 14 15 16 |
---------------+-------------------------------------------------+-----
Shields        | 4 5 6 7 8 9 |  9.0
Staves         | 3 4 5 6 7 9 12 14 | 14.6
Armour         | 4 5 6 7 9 10 | 10.7
Fighting       | 4 7 10 12 13 15 16 | 16.7
Invocations    | 7 10 11 12 | 12.9
Dodging        | 2 6 8 9 10 | 10.3
Earth Magic    | 3 |  3.0

Action                   |  1- 3 |  4- 6 |  7- 9 | 10-12 | 13-15 | 16-18 || total
-------------------------+-------+-------+-------+-------+-------+-------++-------
Melee: Quarterstaff      |   120 |   203 |   347 |   745 |    40 |    77 ||  1532
       Lajatang          |       |       |       |   166 |   890 |   305 ||  1361
Invok: Upheaval          |       |       |       |     8 |     9 |       ||    17
       Disaster Area     |       |       |       |       |       |     1 ||     1
 Abil: Dig               |       |       |       |    11 |     1 |       ||    12
  Use: Scroll            |       |     8 |     4 |    14 |    14 |     5 ||    45
       Potion            |       |     2 |       |     3 |       |     4 ||     9
 Stab: Confused          |       |       |       |       |       |     1 ||     1
  Eat: Chunk             |     1 |     9 |    15 |    18 |    26 |     9 ||    78
       Bread ration      |       |       |       |     2 |       |     1 ||     3
       Fruit             |       |       |       |     1 |     1 |       ||     2
Armor: Scale mail        |    30 |       |       |       |    94 |       ||   124
       Plate armour      |    23 |    87 |   114 |   281 |    82 |   228 ||   815
Dodge: Dodged            |    37 |    29 |    35 |   136 |   178 |   165 ||   580
       Deflected         |       |       |       |     3 |     4 |     2 ||     9
Block: Shield            |    74 |   115 |   217 |   707 |   790 |   547 ||  2450
       Reflection        |       |       |       |       |    25 |       ||    25
